[Event "8. Arber-Schachopen 2019"]
[Site "Bodenmais"]
[Date "2019.07.27"]
[Round "1.1"]
[White "Vanhee, Lars"]
[Black "Delchev, Aleksander"]
[Result "0-1"]
[ECO "A43"]
[WhiteElo "1895"]
[BlackElo "2571"]
[Annotator "RC"]
[PlyCount "82"]
[EventDate "2019.07.27"]
[EventCountry "GER"]
[SourceTitle "playchess.com"]
[Source "ChessBase"]
[SourceQuality "1"]
[TimeControl "40/5400+30:1800+30"]

1. d4 c5 2. d5 g6 3. c4 d6 4. Nc3 Bg7 5. Nf3 Nf6 6. Bf4 O-O 7. h3 Qb6 8. Qd2 e6 9. e3 exd5 10. cxd5 Bf5 11. Be2 Ne4 12. Nxe4 Bxe4 13. O-O h6 14. a4 Na6 15. a5 Qd8 16. Ne1 g5 17. Bh2 Nb4 18. Bc4 Qf6 19. f3 Qxb2 20. Rd1 Bc2 21. Nxc2 Qxc2 22. Qxc2 Nxc2 23. Bxd6 Nxe3 24. Bxf8 Kxf8 25. Bb5 Bd4 26. Kh1 Rd8 27. Bd3 Rxd5 28. Be4 Rd7 29. Rfe1 Nxd1 30. Rxd1 b6 31. a6 Rd6 32. Bd3 Be3 33. Be2 Rxd1+ 34. Bxd1 b5 35. Be2 c4 36. g3 Ke7 37. Kg2 Kd6 38. Kf1 Kc5 39. Ke1 b4 40. Kd1 b3 41. g4 c3 0-1

[Event "8. Arber-Schachopen 2019"]
[Site "Bodenmais"]
[Date "2019.07.27"]
[Round "1.4"]
[White "Milov, Leonid"]
[Black "Malditz, Dieter"]
[Result "1-0"]
[ECO "B18"]
[WhiteElo "2472"]
[BlackElo "1869"]
[Annotator "RC"]
[PlyCount "47"]
[EventDate "2019.07.27"]
[EventCountry "GER"]
[SourceTitle "playchess.com"]
[Source "ChessBase"]
[SourceQuality "1"]
[TimeControl "40/5400+30:1800+30"]

1. e4 c6 2. d4 d5 3. Nc3 dxe4 4. Nxe4 Bf5 5. Ng3 Bg6 6. Nh3 e6 7. Nf4 Bd6 8. Ngh5 Bxh5 9. Nxh5 g6 10. Nf4 Nd7 11. g3 Ngf6 12. Bg2 Qc7 13. O-O O-O 14. Nd3 c5 15. Nxc5 Bxc5 16. Qf3 Nd5 17. a3 Rfb8 18. Qb3 Rd8 19. Bxd5 Rab8 20. Bh6 Nb6 21. Rad1 e5 22. Qxb6 Bf8 23. Be3 Bc5 24. Bg5 1-0

[Event "8. Arber-Schachopen 2019"]
[Site "Bodenmais"]
[Date "2019.07.28"]
[Round "2.7"]
[White "Neiss, Josef Martin"]
[Black "Rotstein, Arkadij"]
[Result "0-1"]
[ECO "A04"]
[WhiteElo "2041"]
[BlackElo "2471"]
[Annotator "RC"]
[PlyCount "88"]
[EventDate "2019.07.27"]
[EventCountry "GER"]
[SourceTitle "playchess.com"]
[Source "ChessBase"]
[SourceQuality "1"]
[TimeControl "40/5400+30:1800+30"]

1. Nf3 g6 2. e4 Bg7 3. d4 d6 4. Bc4 e6 5. O-O Ne7 6. c3 Nd7 7. Re1 a6 8. a4 b6 9. Nbd2 O-O 10. Nf1 Bb7 11. Ng3 c5 12. Be3 Nf6 13. e5 dxe5 14. Nxe5 Nfd5 15. Nd3 Nxe3 16. fxe3 cxd4 17. cxd4 Bxd4 18. Qg4 Bg7 19. Rad1 Qe8 20. Nf4 Nc6 21. Ngh5 Bh8 22. Qg5 Qe7 23. Qxe7 Nxe7 24. Rd7 Bd5 25. Nxd5 Nxd5 26. Bxd5 exd5 27. Nf4 d4 28. exd4 Rad8 29. Rxd8 Rxd8 30. Ne2 Bxd4+ 31. Nxd4 Rxd4 32. b3 a5 33. Re3 Kg7 34. Kf2 Rd2+ 35. Kf3 Rb2 36. h3 h5 37. g3 Kf6 38. h4 Kf5 39. Rc3 f6 40. Re3 g5 41. hxg5 fxg5 42. Rd3 g4+ 43. Ke3 Ke5 44. Rc3 Rg2 {[%emt 0:00:00] Kd4+} 0-1

[Event "8. Arber-Schachopen 2019"]
[Site "Bodenmais"]
[Date "2019.07.28"]
[Round "2.8"]
[White "Hoffmann, Michael"]
[Black "Palmi, Herbert"]
[Result "1-0"]
[ECO "B12"]
[WhiteElo "2438"]
[BlackElo "2056"]
[Annotator "RC"]
[PlyCount "89"]
[EventDate "2019.07.27"]
[EventCountry "GER"]
[SourceTitle "playchess.com"]
[Source "ChessBase"]
[SourceQuality "1"]
[TimeControl "40/5400+30:1800+30"]

1. e4 c6 2. d4 d6 3. c4 e5 4. Nc3 Nf6 5. Nf3 Qc7 6. g3 Be7 7. Bg2 Nbd7 8. O-O Nf8 9. h3 Ng6 10. Be3 Bd7 11. c5 dxc5 12. dxe5 Nxe5 13. Nxe5 Qxe5 14. f4 Qh5 15. e5 Qxd1 16. Raxd1 Ng8 17. Ne4 b6 18. f5 O-O-O 19. f6 gxf6 20. exf6 Bf8 21. Nd6+ Bxd6 22. Rxd6 Re8 23. Bg5 h6 24. Bh4 Re6 25. Rxe6 Bxe6 26. g4 h5 27. g5 Kb7 28. a3 a5 29. Rd1 Nxf6 30. gxf6 Rg8 31. Kf2 b5 32. Rd6 b4 33. Bxc6+ Kc7 34. Rxe6 fxe6 35. f7 Rf8 36. Be8 Kd6 37. Ke3 c4 38. axb4 axb4 39. Kd4 c3 40. bxc3 e5+ 41. Kc4 bxc3 42. Kxc3 Ke6 43. Kd3 Rxf7 44. Bxf7+ Kxf7 45. Ke4 1-0

[Event "8. Arber-Schachopen 2019"]
[Site "Bodenmais"]
[Date "2019.07.29"]
[Round "3.1"]
[White "Woelk, Tom-Frederic"]
[Black "Delchev, Aleksander"]
[Result "0-1"]
[ECO "E20"]
[WhiteElo "2229"]
[BlackElo "2571"]
[Annotator "ChessBase"]
[PlyCount "70"]
[EventDate "2019.07.27"]
[EventCountry "GER"]
[SourceTitle "playchess.com"]
[Source "ChessBase"]
[SourceQuality "1"]
[TimeControl "40/5400+30:1800+30"]

1. d4 Nf6 2. c4 e6 3. Nc3 Bb4 4. f3 d5 5. a3 Be7 6. cxd5 exd5 7. e4 dxe4 8. fxe4 O-O 9. Nf3 c5 10. d5 Bd6 11. Bd3 Bg4 12. O-O Nbd7 13. Qe1 Re8 14. Bb5 a6 15. Bxd7 Nxd7 16. Bg5 f6 17. Bh4 b5 18. Bg3 Nb6 19. Bxd6 Qxd6 20. Qh4 Bxf3 21. gxf3 Nc4 22. Rf2 b4 23. Na4 Ne5 24. Qg3 c4 25. Rc2 a5 26. f4 Nd3 27. Rxc4 Nxf4 28. Kh1 Rac8 29. Rxc8 Rxc8 30. axb4 Qe5 31. Qf3 Rc2 32. Rg1 Nh3 33. Qxh3 Qxe4+ 34. Qg2 Rxg2 35. Rxg2 axb4 {[%emt 0:00:20] Rg3} 0-1

[Event "8. Arber-Schachopen 2019"]
[Site "Bodenmais"]
[Date "2019.07.29"]
[Round "3.2"]
[White "Mirzoev, Emil"]
[Black "Senner, Peter"]
[Result "1-0"]
[ECO "A21"]
[WhiteElo "2493"]
[BlackElo "2231"]
[Annotator "ChessBase"]
[PlyCount "51"]
[EventDate "2019.07.27"]
[EventCountry "GER"]
[SourceTitle "playchess.com"]
[Source "ChessBase"]
[SourceQuality "1"]
[TimeControl "40/5400+30:1800+30"]

1. c4 e5 2. Nc3 d6 3. d4 Be7 4. Nf3 Nc6 5. g3 f5 6. d5 Nb8 7. e4 Nf6 8. exf5 Bxf5 9. Bd3 e4 10. Nd4 Bg4 11. Be2 Bd7 12. Qc2 c5 13. Nb3 Bf5 14. Nd2 Qa5 15. O-O O-O 16. Ndxe4 Bh3 17. Rd1 Nxe4 18. Nxe4 Nd7 19. Bd2 Qd8 20. f4 Bf6 21. Bc3 Bd4+ 22. Bxd4 cxd4 23. Ng5 Bf5 24. Bd3 h6 25. Bxf5 hxg5 26. Be6+ 1-0

[Event "8. Arber-Schachopen 2019"]
[Site "Bodenmais"]
[Date "2019.07.29"]
[Round "3.3"]
[White "Vuckovic, Zarko"]
[Black "Pap, Misa"]
[Result "0-1"]
[ECO "C55"]
[WhiteElo "2214"]
[BlackElo "2461"]
[Annotator "ChessBase"]
[PlyCount "34"]
[EventDate "2019.07.27"]
[EventCountry "GER"]
[SourceTitle "playchess.com"]
[Source "ChessBase"]
[SourceQuality "1"]
[TimeControl "40/5400+30:1800+30"]

1. e4 e5 2. Nf3 Nc6 3. d4 exd4 4. Bc4 Nf6 5. e5 d5 6. Bb5 Nd7 7. O-O Be7 8. Re1 O-O 9. e6 fxe6 10. Bxc6 bxc6 11. Nxd4 Bc5 12. Rxe6 Nf6 13. Re2 Ng4 14. f3 Ba6 15. c3 Bxe2 16. Qxe2 Re8 17. Qf1 Qh4 0-1

[Event "8. Arber-Schachopen 2019"]
[Site "Bodenmais"]
[Date "2019.07.29"]
[Round "3.4"]
[White "Milov, Leonid"]
[Black "Hoffmann, Sebastian"]
[Result "1-0"]
[ECO "A03"]
[WhiteElo "2472"]
[BlackElo "2199"]
[Annotator "ChessBase"]
[PlyCount "96"]
[EventDate "2019.07.27"]
[EventCountry "GER"]
[SourceTitle "playchess.com"]
[Source "ChessBase"]
[SourceQuality "1"]
[TimeControl "40/5400+30:1800+30"]

1. f4 d5 2. Nf3 g6 3. g3 Bg7 4. d3 Nf6 5. Bg2 O-O 6. O-O c5 7. c3 Nc6 8. Na3 Qc7 9. Qc2 e5 10. e4 dxe4 11. dxe4 exf4 12. Bxf4 Qe7 13. Rae1 Bg4 14. Nc4 Bxf3 15. Bxf3 Rfd8 16. e5 Nd5 17. Nd6 Nxf4 18. gxf4 Rxd6 19. exd6 Qxd6 20. Rd1 Qc7 21. Qf2 Bf8 22. Bxc6 Qxc6 23. Qf3 Qc7 24. Qe4 c4 25. Kh1 Rc8 26. Rd2 Bh6 27. Rd4 Kf8 28. Qe5 Bg7 29. Qxc7 Rxc7 30. Rd8+ Ke7 31. Rg8 Bf6 32. Kg2 Kd6 33. Kf3 b5 34. Rb8 Kc5 35. Rd1 h5 36. Rd2 Kc6 37. a4 a6 38. a5 Kc5 39. Rb6 Rc6 40. Rd7 Bh8 41. Rb8 Bf6 42. Rxf7 Bh4 43. Rfb7 Be1 44. Rb6 Bd2 45. Rxc6+ Kxc6 46. Rb6+ Kc5 47. Rxa6 b4 48. Rxg6 Kd5 {Ke4+} 1-0

[Event "8. Arber-Schachopen 2019"]
[Site "Bodenmais"]
[Date "2019.07.29"]
[Round "3.5"]
[White "Kleibel, Uwe"]
[Black "Peng, Li Min"]
[Result "0-1"]
[ECO "B40"]
[WhiteElo "2217"]
[BlackElo "2466"]
[Annotator "ChessBase"]
[PlyCount "68"]
[EventDate "2019.07.27"]
[EventCountry "GER"]
[SourceTitle "playchess.com"]
[Source "ChessBase"]
[SourceQuality "1"]
[TimeControl "40/5400+30:1800+30"]

1. e4 c5 2. Nf3 e6 3. g3 Nc6 4. Bg2 Nf6 5. Qe2 g6 6. O-O Bg7 7. c3 O-O 8. d4 d5 9. exd5 exd5 10. dxc5 Re8 11. Qb5 Bd7 12. Qxb7 Rb8 13. Qa6 Qe7 14. Qa3 Qe2 15. Nd4 Nxd4 16. cxd4 Ng4 17. Nc3 Qc2 18. Qxa7 Bf5 19. Bxd5 Bxd4 20. Qxf7+ Kh8 21. Bb3 Qd3 22. Qc4 Bxf2+ 23. Kg2 Qxc4 24. Bxc4 Bxc5 25. h3 Ne3+ 26. Bxe3 Rxe3 27. Bb3 Bd6 28. g4 Rg3+ 29. Kf2 Bd3 30. Rh1 Rf8+ 31. Ke1 Rg2 32. Bd5 Rxb2 33. Kd1 Be5 34. Rc1 Rd8 0-1

[Event "8. Arber-Schachopen 2019"]
[Site "Bodenmais"]
[Date "2019.07.29"]
[Round "3.6"]
[White "Bensch, Patrick"]
[Black "Merkl, Michael"]
[Result "1-0"]
[ECO "C99"]
[WhiteElo "2197"]
[BlackElo "1548"]
[Annotator "ChessBase"]
[PlyCount "63"]
[EventDate "2019.07.27"]
[EventCountry "GER"]
[SourceTitle "playchess.com"]
[Source "ChessBase"]
[SourceQuality "1"]
[TimeControl "40/5400+30:1800+30"]

1. e4 e5 2. Nf3 Nc6 3. Bb5 a6 4. Ba4 Nf6 5. O-O Be7 6. Re1 b5 7. Bb3 d6 8. c3 O-O 9. h3 Na5 10. Bc2 c5 11. d4 Qc7 12. Nbd2 cxd4 13. cxd4 Be6 14. d5 Bd7 15. Nf1 h6 16. Ne3 Nc4 17. Nxc4 Qxc4 18. Bd3 Qc7 19. Be3 Rfc8 20. Nd2 Bf8 21. Qe2 Kh7 22. Nb3 Ng8 23. f4 Re8 24. fxe5 dxe5 25. Rac1 Qd8 26. Rf1 Nf6 27. Qf2 Bd6 28. Nc5 Bc8 29. b4 Rf8 30. Qf3 Nd7 31. Rf2 Qf6 32. Nxd7 1-0

[Event "8. Arber-Schachopen 2019"]
[Site "Bodenmais"]
[Date "2019.07.29"]
[Round "3.7"]
[White "Rotstein, Arkadij"]
[Black "Beck, Gerald"]
[Result "1-0"]
[ECO "A06"]
[WhiteElo "2471"]
[BlackElo "2176"]
[Annotator "ChessBase"]
[PlyCount "69"]
[EventDate "2019.07.27"]
[EventCountry "GER"]
[SourceTitle "playchess.com"]
[Source "ChessBase"]
[SourceQuality "1"]
[TimeControl "40/5400+30:1800+30"]

1. Nf3 d5 2. e3 Nf6 3. c4 e6 4. Nc3 Be7 5. b3 c5 6. cxd5 exd5 7. d4 Nc6 8. Bb2 O-O 9. Be2 Bf5 10. O-O Rc8 11. Rc1 b6 12. Ne5 cxd4 13. Nxc6 Rxc6 14. Qxd4 Bc5 15. Qf4 Qc8 16. Nb5 Qd7 17. b4 Bd6 18. Nxd6 Rxd6 19. Be5 Ne4 20. Bxd6 Nxd6 21. Rfd1 Be6 22. Bf3 Rc8 23. Rxc8+ Nxc8 24. Bxd5 g6 25. Bb3 Qe7 26. Bxe6 Qxe6 27. Rd8+ Kg7 28. Qd4+ Kh6 29. Rg8 Kh5 30. g3 g5 31. h4 f6 32. Qd1+ Kh6 33. Qd5 Ne7 34. Qd8 Qd5 35. Re8 1-0

[Event "8. Arber-Schachopen 2019"]
[Site "Bodenmais"]
[Date "2019.07.29"]
[Round "3.8"]
[White "Schelle, Artur"]
[Black "Hoffmann, Michael"]
[Result "1/2-1/2"]
[ECO "D02"]
[WhiteElo "2176"]
[BlackElo "2438"]
[Annotator "ChessBase"]
[PlyCount "113"]
[EventDate "2019.07.27"]
[EventCountry "GER"]
[SourceTitle "playchess.com"]
[Source "ChessBase"]
[SourceQuality "1"]
[TimeControl "40/5400+30:1800+30"]

1. d4 Nf6 2. Nf3 d5 3. Bf4 c5 4. e3 cxd4 5. exd4 Nc6 6. c3 Bf5 7. Nbd2 e6 8. Qb3 Qc8 9. Nh4 Be4 10. Nxe4 Nxe4 11. Nf3 Bd6 12. Bxd6 Nxd6 13. Bd3 O-O 14. O-O Qc7 15. Rfe1 b5 16. Qd1 h6 17. Rc1 Rfc8 18. Bb1 Rab8 19. Qd3 Ne4 20. Qe2 Nf6 21. a3 a5 22. Bd3 Qb6 23. b4 Rc7 24. h3 Ne7 25. Ne5 Nc8 26. Ng4 Nxg4 27. hxg4 Nd6 28. g5 hxg5 29. Qh5 Rbc8 30. Re3 axb4 31. axb4 Kf8 32. Qh8+ Ke7 33. Qxg7 Rxc3 34. Rce1 Ne4 35. Rf3 Nd6 36. Rfe3 Ne4 37. Rf3 Nd6 38. Qxg5+ Kd7 39. Qg7 Re8 40. Qe5 Re7 41. Rb1 Nc4 42. Bxc4 Rxc4 43. Rd3 Qd6 44. Qe1 Re8 45. Qd2 Rh8 46. Rh3 Rxh3 47. gxh3 e5 48. dxe5 Qg6+ 49. Kh2 Qxb1 50. Qxd5+ Kc8 51. Qa8+ Kc7 52. Qa7+ Kd8 53. Qb8+ Rc8 54. Qd6+ Ke8 55. e6 fxe6 56. Qxe6+ Kd8 57. Qd6+ 1/2-1/2

[Event "8. Arber-Schachopen 2019"]
[Site "Bodenmais"]
[Date "2019.07.29"]
[Round "3.9"]
[White "Bogdanov, Egor"]
[Black "Fauth, Dietmar"]
[Result "1-0"]
[ECO "B22"]
[WhiteElo "2407"]
[BlackElo "2122"]
[Annotator "ChessBase"]
[PlyCount "67"]
[EventDate "2019.07.27"]
[EventCountry "GER"]
[SourceTitle "playchess.com"]
[Source "ChessBase"]
[SourceQuality "1"]
[TimeControl "40/5400+30:1800+30"]

1. e4 c5 2. c3 Nf6 3. e5 Nd5 4. d4 cxd4 5. Nf3 e6 6. cxd4 d6 7. Nc3 Nxc3 8. bxc3 Qc7 9. Bd2 Nd7 10. Bd3 dxe5 11. O-O Bd6 12. Re1 O-O 13. Qe2 exd4 14. Qe4 g6 15. cxd4 Re8 16. Qh4 Be7 17. Ng5 Nf8 18. Re3 Bd7 19. Rf3 f5 20. Rg3 Bf6 21. Rc1 Qd8 22. Bb4 Rc8 23. Re1 a6 24. Qh6 Bg7 25. Qh3 h6 26. Nf3 f4 27. Rxg6 e5 28. Qxh6 Nxg6 29. Qxg6 Rc6 30. Qh7+ Kf7 31. Qh5+ Kg8 32. Bh7+ Kh8 33. Bg6+ Kg8 34. Bf7# 1-0

[Event "8. Arber-Schachopen 2019"]
[Site "Bodenmais"]
[Date "2019.07.29"]
[Round "3.10"]
[White "Hoffmann, Tim"]
[Black "Sergeev, Vladimir"]
[Result "1/2-1/2"]
[ECO "B03"]
[WhiteElo "2147"]
[BlackElo "2415"]
[Annotator "ChessBase"]
[PlyCount "91"]
[EventDate "2019.07.27"]
[EventCountry "GER"]
[SourceTitle "playchess.com"]
[Source "ChessBase"]
[SourceQuality "1"]
[TimeControl "40/5400+30:1800+30"]

1. e4 Nf6 2. e5 Nd5 3. d4 d6 4. c4 Nb6 5. exd6 exd6 6. Nc3 Nc6 7. Be3 Be7 8. h3 O-O 9. Nf3 Bf6 10. Qd2 Re8 11. O-O-O d5 12. c5 Nc4 13. Bxc4 dxc4 14. Qe2 b5 15. cxb6 axb6 16. Qxc4 Bb7 17. Bf4 Re7 18. Rhg1 Na5 19. Qd3 Rd7 20. Ne5 Bxe5 21. Bxe5 f6 22. Bf4 Nc6 23. Be3 Kh8 24. a3 Qg8 25. g4 Nxd4 26. Bxd4 c5 27. Qb5 Rxd4 28. Qxb6 Bf3 29. Rxd4 cxd4 30. Qxd4 Rc8 31. Re1 h6 32. Kb1 Bc6 33. h4 Be8 34. g5 Bg6+ 35. Ka1 Rd8 36. Qf4 fxg5 37. hxg5 h5 38. Rd1 Rxd1+ 39. Nxd1 Qd5 40. Ne3 Qd3 41. Ka2 Kg8 42. Qb8+ Kh7 43. Qf4 Kg8 44. Qb8+ Kh7 45. Qf4 Kg8 46. Qb8+ 1/2-1/2

[Event "8. Arber-Schachopen 2019"]
[Site "Bodenmais"]
[Date "2019.07.29"]
[Round "3.11"]
[White "Poetz, Florian"]
[Black "Schmahl, Stephan"]
[Result "1-0"]
[ECO "C02"]
[WhiteElo "2389"]
[BlackElo "2101"]
[Annotator "NA"]
[PlyCount "57"]
[EventDate "2019.07.27"]
[EventCountry "GER"]
[SourceTitle "playchess.com"]
[Source "ChessBase"]
[SourceQuality "1"]
[TimeControl "40/5400+30:1800+30"]

1. e4 e6 2. d4 d5 3. e5 c5 4. c3 Nc6 5. Nf3 Qb6 6. a3 Nh6 7. b4 cxd4 8. Bxh6 gxh6 9. cxd4 Bd7 10. Ra2 Rc8 11. Be2 Bg7 12. O-O O-O 13. b5 Na5 14. a4 Rc7 15. Na3 Rfc8 16. Nc2 Nc4 17. Nce1 f6 18. exf6 Bxf6 19. Nd3 Bxd4 20. a5 Nxa5 21. Nxd4 Qxd4 22. Rxa5 Rc3 23. g3 b6 24. Ra4 R8c4 25. Rxa7 Bxb5 26. Nb2 Rc1 27. Qxc1 Rxc1 28. Rxc1 Bc4 29. Nxc4 1-0

[Event "8. Arber-Schachopen 2019"]
[Site "Bodenmais"]
[Date "2019.07.29"]
[Round "3.12"]
[White "Fuchs, Michael"]
[Black "Hopman, Pieter"]
[Result "0-1"]
[ECO "B00"]
[WhiteElo "2114"]
[BlackElo "2347"]
[Annotator "NA"]
[PlyCount "82"]
[EventDate "2019.07.27"]
[EventCountry "GER"]
[SourceTitle "playchess.com"]
[Source "ChessBase"]
[SourceQuality "1"]
[TimeControl "40/5400+30:1800+30"]

1. e4 d6 2. d4 Nf6 3. Bd3 e5 4. c3 Nbd7 5. Nf3 d5 6. dxe5 dxe4 7. exf6 exf3 8. Qxf3 Ne5 9. Bb5+ c6 10. Qe4 Qxf6 11. f4 cxb5 12. Qxe5+ Qxe5+ 13. fxe5 Bc5 14. Nd2 Bf5 15. Nb3 Bb6 16. Nd4 Bd7 17. Be3 O-O 18. O-O-O Rfe8 19. Bf4 b4 20. Nc2 Bg4 21. Nxb4 Bxd1 22. Rxd1 Bc7 23. Nd3 Rad8 24. Kc2 f6 25. exf6 Bxf4 26. Nxf4 Rxd1 27. Kxd1 gxf6 28. Kd2 Kf7 29. g3 Rd8+ 30. Kc2 Ke7 31. c4 Kd6 32. Nd3 h5 33. c5+ Kc6 34. Kc3 Re8 35. Nf4 h4 36. Nh5 h3 37. Kd3 f5 38. b4 Re4 39. a3 a5 40. bxa5 Ra4 41. Nf4 Kxc5 0-1

[Event "8. Arber-Schachopen 2019"]
[Site "Bodenmais"]
[Date "2019.07.29"]
[Round "3.13"]
[White "Hausner, Ivan"]
[Black "Seifert, Ronny"]
[Result "1-0"]
[ECO "D09"]
[WhiteElo "2370"]
[BlackElo "1888"]
[Annotator "ChessBase"]
[PlyCount "99"]
[EventDate "2019.07.27"]
[EventCountry "GER"]
[SourceTitle "playchess.com"]
[Source "ChessBase"]
[SourceQuality "1"]
[TimeControl "40/5400+30:1800+30"]

1. d4 d5 2. c4 e5 3. dxe5 d4 4. Nf3 Nc6 5. g3 Bg4 6. Bg2 Qd7 7. Nbd2 Nge7 8. a3 Ng6 9. O-O Be7 10. b4 O-O 11. Bb2 Bh3 12. b5 Ncxe5 13. Bxd4 Nxf3+ 14. Nxf3 Bxg2 15. Kxg2 Rfd8 16. e3 Qe6 17. Qc2 Bf6 18. Rfd1 Ne5 19. Nxe5 Bxe5 20. Qe4 Bxd4 21. Qxe6 fxe6 22. Rxd4 Rxd4 23. exd4 Rd8 24. Rd1 c6 25. a4 cxb5 26. axb5 Rc8 27. c5 e5 28. dxe5 Rxc5 29. e6 Kf8 30. b6 axb6 31. Rd8+ Ke7 32. Rd7+ Kxe6 33. Rxg7 h5 34. Rg6+ Kd7 35. Rxb6 Kc7 36. Rb2 b5 37. h3 Kc6 38. g4 h4 39. Rb4 Rd5 40. Kf3 Rd3+ 41. Kg2 Rd5 42. Rb2 Kc5 43. f4 Kc4 44. f5 b4 45. f6 Rd8 46. Kf3 Kc3 47. Rb1 b3 48. g5 Kc2 49. Rxb3 Kxb3 50. f7 1-0

[Event "8. Arber-Schachopen 2019"]
[Site "Bodenmais"]
[Date "2019.07.29"]
[Round "3.14"]
[White "Bielmeier, Ludwig"]
[Black "Schleining, Zoya"]
[Result "0-1"]
[ECO "A00"]
[WhiteElo "2083"]
[BlackElo "2339"]
[Annotator "ChessBase"]
[PlyCount "126"]
[EventDate "2019.07.27"]
[EventCountry "GER"]
[SourceTitle "playchess.com"]
[Source "ChessBase"]
[SourceQuality "1"]
[TimeControl "40/5400+30:1800+30"]

1. g3 d5 2. Bg2 e5 3. Nf3 Nc6 4. O-O Nf6 5. d3 Be7 6. b3 O-O 7. Bb2 d4 8. c3 Re8 9. Nbd2 Bf8 10. Rc1 a5 11. cxd4 Nxd4 12. e3 Nxf3+ 13. Nxf3 Bd6 14. d4 e4 15. Ne5 Be6 16. Qc2 Bd5 17. Rfd1 c6 18. Nc4 Bc7 19. a4 h5 20. Ba3 h4 21. Qe2 Be6 22. Qc2 Bg4 23. Re1 Qd7 24. Nd2 Bf5 25. Qb1 Qe6 26. Qc2 hxg3 27. hxg3 Rad8 28. Qc4 Rd5 29. Qf1 Bg4 30. Rc5 Rxc5 31. Bxc5 Qf5 32. Rc1 Re6 33. Ba3 Nd5 34. Qc4 Bh3 35. Qe2 Bxg2 36. Kxg2 Rh6 37. Rh1 Rxh1 38. Kxh1 Qh3+ 39. Kg1 Nf6 40. Nf1 Qf5 41. Kg2 Nh7 42. Nh2 Nf6 43. Be7 Nd5 44. Ba3 Qg6 45. Nf1 f5 46. Qc4 Kh7 47. Qc5 f4 48. exf4 Nxf4+ 49. Kg1 Nd5 50. Qf8 e3 51. fxe3 Bxg3 52. Nxg3 Qxg3+ 53. Kf1 Qh3+ 54. Kg1 Nxe3 55. Qf2 Qg4+ 56. Kh2 Qh5+ 57. Kg3 Qg4+ 58. Kh2 Qxd4 59. Qf3 Qh4+ 60. Kg1 Qg5+ 61. Kh2 Ng4+ 62. Kh3 Nf6 63. Be7 Qd5 0-1

[Event "8. Arber-Schachopen 2019"]
[Site "Bodenmais"]
[Date "2019.07.29"]
[Round "3.15"]
[White "Pohl-Kuemmel, Jens-Uwe"]
[Black "Liebold, Aaron"]
[Result "0-1"]
[ECO "D33"]
[WhiteElo "2288"]
[BlackElo "1944"]
[Annotator "NA"]
[PlyCount "59"]
[EventDate "2019.07.27"]
[EventCountry "GER"]
[SourceTitle "playchess.com"]
[Source "ChessBase"]
[SourceQuality "1"]
[TimeControl "40/5400+30:1800+30"]

1. Nf3 Nf6 2. c4 e6 3. Nc3 c5 4. g3 d5 5. cxd5 exd5 6. d4 Nc6 7. Bg2 Be6 8. O-O Be7 9. b3 O-O 10. Bb2 Rc8 11. Rc1 b6 12. e3 Qc7 13. Ng5 Rfd8 14. Nxe6 fxe6 15. Ne2 e5 16. dxe5 Nxe5 17. Nf4 Qd6 18. h4 b5 19. Qe2 a6 20. Rfd1 Nc6 21. Bxf6 Qxf6 22. Nxd5 Qe5 23. Nxe7+ Nxe7 24. Bb7 Rxd1+ 25. Qxd1 Rb8 26. Bg2 Qc7 27. Qc2 Rc8 28. Bh3 Rd8 29. Bg4 Ng6 30. Qxc5 0-1

[Event "8. Arber-Schachopen 2019"]
[Site "Bodenmais"]
[Date "2019.07.29"]
[Round "3.16"]
[White "Krauss, Andreas"]
[Black "Schmid, Wolfgang"]
[Result "1/2-1/2"]
[ECO "B01"]
[WhiteElo "1996"]
[BlackElo "2162"]
[Annotator "NA"]
[PlyCount "38"]
[EventDate "2019.07.27"]
[EventCountry "GER"]
[SourceTitle "playchess.com"]
[Source "ChessBase"]
[SourceQuality "1"]
[TimeControl "40/5400+30:1800+30"]

1. e4 d5 2. exd5 Qxd5 3. Nf3 Nf6 4. d4 c6 5. Be2 Bg4 6. h3 Bh5 7. O-O e6 8. Be3 Be7 9. c4 Qd8 10. Qb3 Qc7 11. Nc3 Nbd7 12. Rac1 O-O 13. Rfd1 Rfe8 14. Rd2 Bg6 15. Qd1 Bb4 16. Bd3 Qa5 17. a3 Bxc3 18. Rxc3 Ne4 19. Bb1 Qe5 1/2-1/2

[Event "8. Arber-Schachopen 2019"]
[Site "Bodenmais"]
[Date "2019.07.29"]
[Round "3.17"]
[White "Gruettner, Ralf"]
[Black "Kneutgen, Alexander"]
[Result "1/2-1/2"]
[ECO "C03"]
[WhiteElo "2118"]
[BlackElo "1920"]
[Annotator "NA"]
[PlyCount "64"]
[EventDate "2019.07.27"]
[EventCountry "GER"]
[SourceTitle "playchess.com"]
[Source "ChessBase"]
[SourceQuality "1"]
[TimeControl "40/5400+30:1800+30"]

1. e4 e6 2. d4 d5 3. Nd2 h6 4. c3 Nf6 5. e5 Nfd7 6. Bd3 c5 7. Ne2 Nc6 8. O-O Qb6 9. Nf3 a5 10. b3 a4 11. bxa4 c4 12. Bc2 Qa6 13. Ne1 Nb6 14. f4 g6 15. g4 Nxa4 16. f5 g5 17. Ng2 b5 18. Ne3 b4 19. fxe6 Bxe6 20. Bd2 Qa5 21. cxb4 Bxb4 22. Bxb4 Nxb4 23. Bxa4+ Qxa4 24. a3 Qxd1 25. Rfxd1 Nd3 26. Nc3 Nf4 27. Rdb1 h5 28. Rb5 hxg4 29. Nexd5 Bxd5 30. Nxd5 Nxd5 31. Rxd5 Rh3 32. Rc5 Rhxa3 1/2-1/2

[Event "8. Arber-Schachopen 2019"]
[Site "Bodenmais"]
[Date "2019.07.29"]
[Round "3.18"]
[White "David, Sebastian"]
[Black "Zepke, Armin"]
[Result "1/2-1/2"]
[ECO "D18"]
[WhiteElo "1715"]
[BlackElo "2122"]
[Annotator "ChessBase"]
[PlyCount "82"]
[EventDate "2019.07.27"]
[EventCountry "GER"]
[SourceTitle "playchess.com"]
[Source "ChessBase"]
[SourceQuality "1"]
[TimeControl "40/5400+30:1800+30"]

1. d4 d5 2. c4 c6 3. Nc3 Nf6 4. Nf3 dxc4 5. a4 Bf5 6. e3 e6 7. Bxc4 Bb4 8. Bd2 Nbd7 9. Na2 Bd6 10. O-O O-O 11. Bb4 Qe7 12. Qb3 a5 13. Bxd6 Qxd6 14. Bd3 Bxd3 15. Qxd3 Nd5 16. Ng5 f5 17. Qb3 h6 18. Nf3 Kh7 19. Nc1 Nb4 20. Nd3 Qd5 21. Qxd5 Nxd5 22. Rfc1 g5 23. Nc5 Nxc5 24. Rxc5 Rfd8 25. Ne5 Nb4 26. g3 Rd5 27. Rxd5 exd5 28. Rc1 Kg7 29. Kf1 Kf6 30. Ke2 Ke6 31. Nd3 Kd6 32. Nc5 b6 33. Nd3 Nxd3 34. Kxd3 h5 35. b3 Rh8 36. h3 Rg8 37. Rh1 Rf8 38. h4 g4 39. Rc1 Rf7 40. Rc2 Rf6 41. Rc1 Rf7 1/2-1/2

[Event "8. Arber-Schachopen 2019"]
[Site "Bodenmais"]
[Date "2019.07.29"]
[Round "3.19"]
[White "Eggeling, Philipp"]
[Black "Medunova, Vera"]
[Result "1/2-1/2"]
[ECO "D78"]
[WhiteElo "1869"]
[BlackElo "2093"]
[Annotator "NA"]
[PlyCount "37"]
[EventDate "2019.07.27"]
[EventCountry "GER"]
[SourceTitle "playchess.com"]
[Source "ChessBase"]
[SourceQuality "1"]
[TimeControl "40/5400+30:1800+30"]

1. Nf3 Nf6 2. g3 d5 3. c4 c6 4. d4 g6 5. Bg2 Bg7 6. O-O O-O 7. b3 Bf5 8. Nbd2 Ne4 9. Bb2 Nxd2 10. Qxd2 Be4 11. Rfd1 Nd7 12. Rac1 e6 13. e3 Rc8 14. Qb4 Qb6 15. Qxb6 axb6 16. a4 Rfd8 17. Nd2 Bxg2 18. Kxg2 c5 19. Nf3 1/2-1/2